 Dungeon Sprint DCSS version 0.17-a0-1337-ge651487 (webtiles) character file.

1175 Kidiri the Covert (level 8, -7/36 HPs)
             Began as a Spriggan Enchanter on June 10, 2015.
             Was a Follower of Dithmenos.
             Mangled by a deep troll (8 damage)
             ... in the Dungeon (Sprint I: "Red Sonja").
             The game lasted 00:04:04 (966 turns).

Kidiri the Covert (Spriggan Enchanter)               Turns: 966, Time: 00:04:04

Health: -7/36      AC:  6    Str:  4    XL:     8   Next: 18%
Magic:  9/22       EV: 28    Int: 17    God:    Dithmenos [*.....]
Gold:   239        SH:  0    Dex: 18    Spells: 5 memorised, 14 levels left

rFire  . . .     SeeInvis +     m - -1 blowgun (curse)
rCold  . . .     Clarity  .     p - +2 robe {MR+}
rNeg   . . .     SustAt   .     (shield restricted)
rPois  .         Gourm    .     q - +2 hat
rElec  .         Spirit   .     (no cloak)
rCorr  .         Warding  .     (gloves unavailable)
rMut   .         NoTele   +     (boots unavailable)
MR     ++...                    (no amulet)
Stlth  +++++++...               (no ring)
                                (no ring)

@: wreathed by umbra, very quick, very resistant to hostile enchantments,
extremely stealthy
A: unfitting armour, see invisible, herbivore 3, speed 3, slow metabolism 2
a: Renounce Religion


You were in the Dungeon.
You worshipped Dithmenos.
Dithmenos was aware of your devotion.
You were not hungry.

You visited 1 branch You collected 629 gold pieces.
You spent 390 gold pieces at shops.

Inventory:

Hand weapons
 a - a +1 dagger
 m - a cursed -1 blowgun (weapon)
 n - a +0 dagger of venom
Missiles
 o - 6 curare-tipped needles (quivered)
Armour
 p - a +2 robe of magic resistance (worn)
 q - a +2 hat (worn)
Magical devices
 l - a wand of enslavement (16)
Scrolls
 j - a scroll of blinking
Potions
 e - a potion of curing
 f - a potion of heal wounds
 g - a potion of haste
 h - 2 potions of magic
 i - a potion of berserk rage
 k - a potion of agility
Books
 c - a book of Maledictions

   Spells                             Type                      Level
   a - Corona                         Hexes                        1
   b - Ensorcelled Hibernation        Hexes/Ice                    2
   c - Confuse                        Hexes                        3
   d - Tukima's Dance                 Hexes                        3
   e - Dazzling Spray                 Conjuration/Hexes            3
Comestibles
 d - a bread ration


   Skills:
 * Level 8.6 Short Blades
 * Level 11.3 Dodging
 * Level 12.5 Stealth
 * Level 9.7 Spellcasting
 + Level 2.7 Conjurations
 + Level 7.6 Hexes
 + Level 4.2 Ice Magic
 + Level 2.8 Invocations


You had 14 spell levels left.
You knew the following spells:

 Your Spells              Type           Power        Failure   Level  Hunger
a - Corona                Hex            ####...      1%          1    None
b - Ensorcelled Hibernat  Hex/Ice        ####..       1%          2    None
c - Confuse               Hex            ####....     1%          3    None
d - Tukima's Dance        Hex            ####....     1%          3    None
e - Dazzling Spray        Conj/Hex       ####....     3%          3    None


Dungeon Overview and Level Annotations

Branches:
Dungeon (1/1)

Altars:
Cheibriados
Dithmenos
Elyvilon
Fedhas
Gozag
Kikubaaqudgha
Makhleb
Nemelex Xobeh
Okawaru
Qazlal
Ru
Sif Muna
Trog
Vehumet
Xom
Yredelemnul
Zin
The Shining One
Jiyva

Shops:
D *([


Innate Abilities, Weirdness & Mutations

You are tiny and cannot use many weapons and most armour.
You have supernaturally acute eyesight.
You are a herbivore.
You cover ground extremely quickly.
You need consume almost no food.


Message History

Casting: Ensorcelled Hibernation
Confirm with . or Enter, or press ? or * to list all spells.
Aiming: Confuse
Press: ? - help, Shift-Dir - straight line, f/p - deep troll
Aim: a deep troll (moderately wounded, slow, poisoned, umbra, chance to defeat MR: 45%)
The deep troll resists with some effort.
The deep troll closely misses you.
The deep troll claws you but does no damage.
The deep troll closely misses you.
Casting: Confuse
Confirm with . or Enter, or press ? or * to list all spells.
Aiming: Confuse
Press: ? - help, Shift-Dir - straight line, f/p - deep troll
Aim: a deep troll (moderately wounded, slow, poisoned, umbra, chance to defeat MR: 45%)
The deep troll resists with some effort.
The deep troll bites you but does no damage.
The deep troll claws you!
* * * LOW HITPOINT WARNING * * *
The deep troll claws you!
You die...

#.))..#.)'..#__#..+
'..#..'..#..'^.'..#
#####'#####'#__####
####..#...#.####
#__####..##%#
#_..__##'#..+
#_.∩...'..._#
#_..._##_.#'##+###
#_____###'#(#.[T@###
#########.####'###%##
.......'T..+.....'[∩#
++++####...##########
##.## #+#


You could see a deep troll.

Vanquished Creatures
  Sonja (D)
  A slime creature (D)
  Sigmund (D)
  A yak (D)
  An ogre (D)
  A jelly (D)
  Ijyb (D)
7 creatures vanquished.

Vanquished Creatures (others)
  A gargoyle (D)
1 creature vanquished.

Grand Total: 8 creatures vanquished

Notes
Turn   | Place    | Note
--------------------------------------------------------------
     0 | D        | Kidiri the Spriggan Enchanter began the quest for the Orb.
     0 | D        | Reached XP level 1. HP: 9/9 MP: 5/5
     2 | D        | Noticed Ijyb
    16 | D        | Killed Ijyb
    16 | D        | Reached skill level 6 in Stealth
    16 | D        | Reached XP level 2. HP: 8/13 MP: 5/8
    20 | D        | Learned a level 2 spell: Ensorcelled Hibernation
   141 | D        | Noticed an ogre
   146 | D        | Killed an ogre
   146 | D        | Reached skill level 7 in Stealth
   146 | D        | Reached skill level 5 in Spellcasting
   146 | D        | Reached skill level 5 in Hexes
   146 | D        | Reached skill level 1 in Ice Magic
   146 | D        | Reached XP level 3. HP: 16/16 MP: 4/11
   146 | D        | Reached XP level 4. HP: 21/21 MP: 4/12
   297 | D        | Noticed Sigmund
   302 | D        | Killed Sigmund
   302 | D        | Reached skill level 8 in Dodging
   302 | D        | Reached skill level 9 in Stealth
   302 | D        | Reached XP level 5. HP: 24/24 MP: 8/15
   307 | D        | Learned a level 3 spell: Confuse
   311 | D        | Learned a level 3 spell: Tukima's Dance
   315 | D        | Learned a level 3 spell: Dazzling Spray
   334 | D        | Found a snail-covered altar of Cheibriados.
   334 | D        | Found a viscous altar of Jiyva.
   334 | D        | Found a shadowy altar of Dithmenos.
   334 | D        | Found a blossoming altar of Fedhas.
   334 | D        | Noticed a slime creature
   635 | D        | Killed a gargoyle
   638 | D        | Killed a slime creature
   638 | D        | Reached skill level 10 in Stealth
   638 | D        | Reached skill level 1 in Conjurations
   638 | D        | Reached XP level 6. HP: 28/28 MP: 9/18
   649 | D        | Became a worshipper of Dithmenos the Shadowed
   703 | D        | Found a deep blue altar of Sif Muna.
   704 | D        | Noticed a jelly
   705 | D        | Found a radiant altar of Vehumet.
   709 | D        | Killed a jelly
   743 | D        | Found Qaerio's Antique Weapon Emporium.
   743 | D        | Found a white marble altar of Elyvilon.
   743 | D        | Found a stormy altar of Qazlal.
   743 | D        | Found a burning altar of Makhleb.
   743 | D        | Found a sacrificial altar of Ru.
   743 | D        | Found a basalt altar of Yredelemnul.
   743 | D        | Found a glowing golden altar of the Shining One.
   743 | D        | Found a sparkling altar of Nemelex Xobeh.
   743 | D        | Found a shimmering altar of Xom.
   743 | D        | Found an opulent altar of Gozag.
   743 | D        | Found an ancient bone altar of Kikubaaqudgha.
   743 | D        | Found a glowing silver altar of Zin.
   743 | D        | Noticed a yak
   744 | D        | Found an iron altar of Okawaru.
   745 | D        | Killed a yak
   745 | D        | Reached skill level 10 in Dodging
   745 | D        | Reached skill level 11 in Stealth
   745 | D        | Reached skill level 1 in Invocations
   745 | D        | Reached XP level 7. HP: 32/32 MP: 20/20
   746 | D        | Found a bloodstained altar of Trog.
   759 | D        | Noticed Sonja
   763 | D        | Killed Sonja
   763 | D        | Reached skill level 12 in Stealth
   763 | D        | Reached XP level 8. HP: 36/36 MP: 20/22
   782 | D        | Found Eceov's General Store.
   790 | D        | Bought a +2 robe of magic resistance for 212 gold pieces
   790 | D        | Bought a scroll of identify for 24 gold pieces
   813 | D        | Noticed a deep troll
   841 | D        | Found Ecverrafi's Armour Emporium.
   845 | D        | Bought a +1 hat for 154 gold pieces
   966 | D        | HP: 1/36 [deep troll (8)]
   966 | D        | Mangled by a deep troll

Vault maps used:
D:        dungeon_sprint_1

Action                   |  1- 3 |  4- 6 |  7- 9 || total
-------------------------+-------+-------+-------++-------
Melee: Dagger            |    13 |     4 |     1 ||    18
       Blowgun           |       |       |     3 ||     3
 Fire: Blowgun           |       |       |     1 ||     1
 Cast: Corona            |     1 |       |       ||     1
       Ensorcelled Hiber |     2 |     6 |     5 ||    13
       Confuse           |       |       |     3 ||     3
  Use: Scroll            |       |       |     3 ||     3
 Stab: Sleeping          |     2 |     4 |     3 ||     9
